 Dungeon Crawl Stone Soup version 0.27-a0-1232-gc6a4cbde82 (webtiles) character file.

Game seed: 6335509121169896607

88 Mesmaeker13 the Magician (level 4, -3/30 HPs)
             Began as a Mummy Summoner on June 8, 2021.
             Slain by a killer bee (6 damage)
             ... on level 4 of the Dungeon.
             The game lasted 00:06:59 (4608 turns).

Mesmaeker13 the Magician (Mummy Summoner)           Turns: 4608, Time: 00:07:00

Health: -3/30      AC:  4    Str: 11    XL:     4   Next: 29%
Magic:  1/10       EV: 12    Int: 15    God:
Gold:   201        SH:  0    Dex: 12    Spells: 5/11 levels left

rFire    x . .     SeeInvis .   k - +0 spear (drain)
rCold    + . .     Faith    .   (no shield)
rNeg     + + +     Spirit   .   a - +0 robe
rPois    ∞         Reflect  .   (no helmet)
rElec    .         Harm     .   (no cloak)
rCorr    .         Rampage  .   h - +1 pair of gloves
Will     .....                  (no boots)
Stlth    ++........             f - amulet of regeneration
HPRegen  1.10/turn              (no ring)
MPRegen  0.12/turn              (no ring)

@: no status effects
A: cold resistance 1, negative energy resistance 3, torment resistance 2, heat
vulnerability 1, no potions
a: no special abilities


You were on level 4 of the Dungeon.
You visited 1 branch of the dungeon, and saw 4 of its levels.

You collected 201 gold pieces.

Inventory:

Hand Weapons
 e - a +3 antimagic spear
 k - a +0 spear of draining (weapon)
Missiles
 g - 3 atropa-tipped darts (quivered)
Armour
 a - a +0 robe (worn)
 h - a +1 pair of gloves (worn)
Jewellery
 f - an amulet of regeneration (around neck)
Scrolls
 b - a scroll of noise {unknown}
 c - a scroll of amnesia {unknown}
 d - a scroll of brand weapon
 i - a scroll of blinking
 j - 2 scrolls of enchant armour
 l - a scroll of identify {unknown}
 m - a scroll of vulnerability {unknown}


   Skills:
 + Level 2.4 Dodging
 - Level 1.5 Stealth
 + Level 4.0 Spellcasting
 + Level 3.8 Summonings


You had 5 spell levels left.
You knew the following spells:

 Your Spells              Type           Power      Damage    Failure   Level
a - Summon Small Mammal   Summ           56%        N/A       3%          1
b - Call Imp              Summ           14%        N/A       5%          2
c - Call Canine Familiar  Summ           14%        N/A       11%         3

Your spell library contained the following spells:

 Spells                   Type           Power      Damage    Failure   Level
 Summon Guardian Golem    Hex/Summ       8%         N/A       24%         3
 Summon Ice Beast         Ice/Summ       8%         N/A       63%         4
 Summon Lightning Spire   Summ/Air       8%         N/A       63%         4


Dungeon Overview and Level Annotations

Branches:
Dungeon (4/15)
 Temple: D:4-7

Altars:

Annotations:
D:4 Pikel


Innate Abilities, Weirdness & Mutations

You are immune to poison.
Your flesh is cold resistant. (rC+)
You are immune to negative energy. (rN+++)
You are immune to unholy pain and torment.
You are vulnerable to heat. (rF-)
You do not drink.


Message History

Unknown command.
Casting: Call Imp (safe; 5% risk of failure)
Confirm with . or Enter, or press ? or * to list all spells.
A beastly little devil appears in a puff of flame.
The killer bee stings you.
The killer bee stings you but does no damage.
Your crimson imp hits the killer bee.
A hobgoblin comes into view.
The killer bee stings you but does no damage.
Something barely misses your crimson imp.
Your crimson imp closely misses the killer bee.
The killer bee stings you.
Something barely misses your crimson imp.
Your crimson imp blinks!
You swap places.
Your crimson imp disappears in a puff of smoke!
Your crimson imp closely misses the killer bee.
The killer bee barely misses you.
Okay, then.
Your crimson imp misses the killer bee.
The killer bee misses your white imp. The killer bee closely misses you.
The killer bee stings you.
Your crimson imp blinks!
The killer bee stings you!
* * * LOW HITPOINT WARNING * * *
The killer bee barely misses you.
Unknown command.
Okay, then.
Casting: Call Imp (safe; 5% risk of failure)
Confirm with . or Enter, or press ? or * to list all spells.
You don't have enough magic to cast this spell.
There are monsters nearby!
Unknown command.
You closely miss the killer bee. The killer bee stings your white imp.
The killer bee stings you.
* * * LOW HITPOINT WARNING * * *
Your white imp misses the killer bee.
The killer bee stings your white imp but does no damage.
The killer bee stings you.
You die...

#......# ###....##
##....## ##....##
##....# #####...##
....#..## ###
.........######.##
..#..........y5y@#
.............y####
..........###.#
..........###y#
............yy###
............5...#
....######g####.#
...# #.# # .. ..#


You could see 3 killer bees and a friendly white imp (summoned).

Vanquished Creatures
  5 ball pythons
  3 bats
  2 endoplasms (D:1)
  A giant cockroach (D:2)
  2 goblins (D:3)
  5 hobgoblins
  3 jackals (D:1)
  2 quokkas (D:1)
  2 frilled lizards (D:2)
  6 kobolds (D:1)
  A rat (D:2)
32 creatures vanquished.

Vanquished Creatures (collateral kills)
  3 lemures (D:4)
  An orc priest (D:3)
  3 adders (D:2)
  An ufetubus (D:3)
  2 orcs (D:3)
  3 ball pythons
  2 endoplasms (D:1)
  A giant cockroach (D:2)
  A goblin (D:3)
  3 hobgoblins
  A kobold (D:2)
  2 bats (D:2)
  A rat (D:1)
24 creatures vanquished.

Vanquished Creatures (others)
  14 plants (D:1)
14 creatures vanquished.

Grand Total: 70 creatures vanquished

Notes
Turn   | Place    | Note
-------+----------+-------------------------------------------
     0 | D:1      | Mesmaeker13 the Mummy Summoner began the quest for the Orb.
     0 | D:1      | Reached XP level 1. HP: 13/13 MP: 4/4
   793 | D:1      | Reached skill level 3 in Spellcasting
   799 | D:1      | Reached XP level 2. HP: 17/19 MP: 1/6
  1578 | D:2      | Learned a level 2 spell: Call Imp
  1945 | D:2      | Reached XP level 3. HP: 18/24 MP: 2/7
  3743 | D:1      | Found a faded altar of an unknown god.
  4262 | D:4      | Noticed a lemure
  4262 | D:4      | Noticed a lemure
  4269 | D:4      | Killed a lemure
  4278 | D:4      | Killed a lemure
  4281 | D:4      | Noticed a lemure
  4339 | D:3      | Learned a level 3 spell: Call Canine Familiar
  4346 | D:4      | Noticed Pikel
  4351 | D:4      | Killed a lemure
  4354 | D:4      | Noticed a lemure
  4360 | D:4      | HP: 1/24 [Pikel/+0 whip of freezing (1)]
  4484 | D:3      | Reached skill level 4 in Spellcasting
  4484 | D:3      | Reached XP level 4. HP: 6/30 MP: 6/10
  4608 | D:4      | Slain by a killer bee

Illustrated notes

Levels and vault maps discovered:
D:1:      eino_arrival_cavern_e, layout_loops_ring, serial_forest,
          infiniplex_forest_end_2, infiniplex_forest_side_room,
          infiniplex_forest_straight_2, infiniplex_forest_fountain,
          infiniplex_forest_clump_diagonal, infiniplex_forest_end_2,
          infiniplex_forest_lined_4_way, infiniplex_forest_lined_1,
          infiniplex_forest_clump_long, chequers_ecumenical_altar_twisty,
          roderic_st_hans_cross, amcnicky_mini_pool_small
D:2:      layout_loops_ring, st_stairs_9, minmay_cupped
D:3:      layout_basic
D:4:      layout_layer_cave, uniq_pikel

Skill      XL: |  1  2  3 |
---------------+----------+-----
Spellcasting   | 3 4 |  4.0
Dodging        | 2 |  2.4
Stealth        | |  1.5
Summonings     | |  3.8

Action                   |  1- 3 |  4- 6 || total
-------------------------+-------+-------++-------
Melee: Dagger            |    67 |       ||    67
       Unarmed           |     4 |       ||     4
       Spear             |    68 |     1 ||    69
Throw: Dart              |     1 |       ||     1
 Cast: Summon Small Mamm |    44 |       ||    44
       Call Imp          |    31 |     4 ||    35
       Call Canine Famil |     2 |       ||     2
  Use: Scroll            |     3 |       ||     3
 Stab: Distracted        |     3 |       ||     3
       Sleeping          |     2 |       ||     2
Armor: Robe              |    42 |     2 ||    44
Dodge: Dodged            |   121 |     4 ||   125

Table legend: (Time is in decaauts)
 A = Elapsed time spent in this place.
 B = Non-inter-level travel time spent in this place.
 C = Inter-level travel time spent in this place.
 D = Time resting spent in this place.
 E = Time spent auto-exploring this place.
 F = Levels seen in this place.
 G = Mean time per level.
                   A        B        C        D        E       F      G
               +--------+--------+--------+--------+--------+-----+--------+
         Total |   4612 |   4195 |    417 |    385 |   3016 |   4 | 1153.0 |
       Dungeon |   4612 |   4195 |    417 |    385 |   3016 |   4 | 1153.0 |
               +--------+--------+--------+--------+--------+-----+--------+

Top non-repeatable levels by time:
     D:1: 2094 daAuts
     D:3: 1299 daAuts
     D:2: 1099 daAuts
     D:4: 118 daAuts
